 Dungeon Crawl Stone Soup version 0.28-a0-595-g9f6c0e134a (webtiles) character file.

Game seed: 14773345678551900226

0 meatgazer the Skirmisher (level 1, -4/18 HPs)
             Began as a Demonspawn Abyssal Knight on Oct 4, 2021.
             Was a Follower of Lugonu.
             Slain by a neqoxec (10 damage)
             ... on level 3 of the Abyss.
             The game lasted 00:00:27 (116 turns).

meatgazer the Skirmisher (Demonspawn Abyssal Knight) Turns: 116, Time: 00:00:27

Health: -4/18      AC:  5    Str: 13    XL:     1   Next: 0%
Magic:  2/2        EV: 11    Int: 11    God:    Lugonu [*.....]
Gold:   8          SH:  0    Dex: 13    Spells: 0/0 levels left

rFire   . . .      SeeInvis .   a - +1 falchion
rCold   . . .      Faith    .   (no shield)
rNeg    . . .      Spirit   .   b - +0 leather armour
rPois   .          Reflect  .   (no helmet)
rElec   .          Harm     .   (no cloak)
rCorr   .          Rampage  .   (no gloves)
Will    .....                   (no boots)
Stlth   +.........              (no amulet)
HPRegen 0.06/turn               (no ring)
MPRegen 0.08/turn               (no ring)

@: no status effects
A: iridescent scales 1
a: Renounce Religion, Depart the Abyss


You were on level 3 of the Abyss.
You worshipped Lugonu.
Lugonu was aware of your devotion.
You visited 0 branches of the dungeon, and saw 0 of its levels.
You visited the Abyss 1 time.

You collected 8 gold pieces.

Inventory:

Hand Weapons
 a - a +1 falchion (weapon)
Armour
 b - a +0 leather armour (worn)
Wands
 e - a wand of iceblast (11)
Potions
 c - a potion of lignification {unknown}


   Skills:
 + Level 3.0 Fighting
 + Level 1.7 Long Blades
 + Level 1.7 Armour
 + Level 0.8 Dodging
 + Level 2.4 Invocations


You couldn't memorise any spells.
You didn't know any spells.
Your spell library contained the following spells:

 Spells                   Type           Power      Damage    Failure   Level
 Freeze                   Ice            0%         1d3       41%         1
 Ensorcelled Hibernation  Hex/Ice        0%         N/A       56%         2
 Frozen Ramparts          Ice            0%         1d2       80%         3
 Spider Form              Tmut/Pois      0%         N/A       80%         3
 Hailstorm                Conj/Ice       0%         3d3       99%         4
 Borgnjor's Revivificati  Necr           0%         N/A       100%        8
 Necromutation            Tmut/Necr      0%         N/A       100%        8
 Death's Door             Necr           0%         N/A       100%        9


Dungeon Overview and Level Annotations

Branches:
Dungeon (0/15)

Altars:


Innate Abilities, Weirdness & Mutations

You are partially covered in iridescent scales. (AC +2)


Message History

As you read the scroll labelled PEPPOLO NA ITH, it crumbles to dust.
The air around you briefly surges with heat, but it dissipates.
It was a scroll of immolation.
The neqoxec gestures at you.
Strange energies course through your body.
Iridescent scales grow over part of your body.
You hit the neqoxec.
The neqoxec is lightly wounded.
The neqoxec barely misses you.
The neqoxec hits you but does no damage.
You hit the neqoxec.
The neqoxec is moderately wounded.
A small abomination comes into view.
The neqoxec closely misses you.
You hit the neqoxec but do no damage.
The neqoxec is moderately wounded.
The neqoxec hits you.
You closely miss the neqoxec.
The neqoxec is lightly wounded.
The neqoxec gestures at you.
Something tries to feed on your intellect!
You hit the neqoxec but do no damage.
The neqoxec is lightly wounded.
The neqoxec misses you.
You barely miss the neqoxec.
The neqoxec is lightly wounded.
The neqoxec barely misses you. x2
You hit the neqoxec but do no damage.
The neqoxec is lightly wounded.
The neqoxec hits you!
Ouch! That really hurt!
* * * LOW HITPOINT WARNING * * *
You hit the neqoxec.
The neqoxec is lightly wounded.
The neqoxec closely misses you.
You hit the neqoxec.
The neqoxec is moderately wounded.
The neqoxec hits you!
Ouch! That really hurt!
You die...

. #... ... # .
#.# #. ......
. .. ##..
.......... ..
## ...# #....
.. .. ..
#..#### ...
≈≈≈.≈.≈≈ .≈≈≈
... # ≈#
##..###x#.. #
#..
#...##3###...#
.. #.@##.#.##
#...###.#.##.#
.. .##.###...#
## ..#. .
.#..... #. .
..#..#.#...#
..#
..##.#+##..
..##....... #
##..##..#.# .
. .#.. . #


You could see a neqoxec and a small abomination.

Vanquished Creatures (others)
  A demonic plant (Abyss:3)
1 creature vanquished.

Notes
Turn   | Place    | Note
-------+----------+-------------------------------------------
     0 | Abyss:1  | meatgazer the Demonspawn Abyssal Knight began the quest for
                  | the Orb.
     0 | Abyss:1  | Reached XP level 1. HP: 18/18 MP: 2/2
   100 | Abyss:3  | Noticed a neqoxec
   107 | Abyss:3  | Gained mutation: You are partially covered in iridescent
                  | scales. (AC +2) [a neqoxec]
   109 | Abyss:3  | Noticed a small abomination
   116 | Abyss:3  | Slain by a neqoxec

Illustrated notes

Levels and vault maps discovered:
Abyss:3:  base: Temple, evilmike_abyss_exit_15, evilmike_abyss_exit_plants

Action                   || total
-------------------------++-------
Melee: Falchion          ||     9
  Use: Scroll            ||     1
Armor: Leather armour    ||     1
Dodge: Dodged            ||     6

Table legend: (Time is in decaauts)
 A = Elapsed time spent in this place.
 B = Non-inter-level travel time spent in this place.
 C = Inter-level travel time spent in this place.
 D = Time resting spent in this place.
 E = Time spent auto-exploring this place.
 F = Levels seen in this place.
 G = Mean time per level.
                   A        B        C        D        E       F      G
               +--------+--------+--------+--------+--------+-----+--------+
         Total |    117 |    117 |      0 |      0 |     73 |   3 |   39.0 |
         Abyss |    117 |    117 |      0 |      0 |     73 |   3 |   39.0 |
               +--------+--------+--------+--------+--------+-----+--------+

Top non-repeatable levels by time:
 Abyss:3: 74 daAuts
 Abyss:2: 29 daAuts
 Abyss:1: 13 daAuts
